[Event "FIDE World Rapid-ch Open 2018"]
[White "Vokhidov, Shamsiddin"]
[Black "Dreev, Aleksey"]
[Site "St. Petersburg"]
[Round "3.33"]
[Annotator "ChessBase"]
[Result "1/2-1/2"]
[Date "2018.12.26"]
[WhiteElo "2480"]
[BlackElo "2670"]
[PlyCount "113"]
[TimeControl "900+10"]

1. e4 c6 2. d4 d5 3. Nc3 dxe4 4. Nxe4 Bf5 5. Ng3 Bg6 6. h4 h6 7. Nf3 e6 8. Ne5 Bh7 9. Bd3 Bxd3 10. Qxd3 Nd7 11. Bf4 Nxe5 12. Bxe5 Qa5+ 13. c3 Nf6 14. Ne4 Nxe4 15. Qxe4 Qd5 16. Qxd5 exd5 17. h5 Kd7 18. Kd2 Bd6 19. Bxg7 Bf4+ 20. Ke2 Rhg8 21. Bf6 Rae8+ 22. Kf3 Re6 23. Bh4 Bg5 24. Bg3 Rf6+ 25. Ke2 Re8+ 26. Kd3 Rfe6 27. Bh4 Bxh4 28. Rxh4 Re2 29. Rf4 Rxb2 30. Rxf7+ Kd6 31. Rf6+ Kd7 32. Rd1 Ree2 33. Rxh6 Rxf2 34. Rg6 Rxg2 35. Rxg2 Rxg2 36. Rh1 Rg7 37. h6 Rh7 38. Ke3 Ke6 39. Kf4 Kf6 40. a3 a5 41. Rh3 a4 42. Rh2 Rf7 43. h7 Kg7+ 44. Ke5 Kh8 45. Rh3 Rf2 46. Kd6 Rb2 47. Kc7 Rb3 48. Rh1 Rxa3 49. c4 Rb3 50. cxd5 cxd5 51. Kd6 a3 52. Kxd5 b5 53. Kc5 b4 54. d5 a2 55. d6 Rd3 56. Kxb4 Rxd6 57. Ra1 1/2-1/2

[Event "FIDE World Rapid-ch Open 2018"]
[White "Pantsulaia, Levan"]
[Black "Bazeev, German"]
[Site "St. Petersburg"]
[Round "3.34"]
[Annotator "ChessBase"]
[Result "0-1"]
[Date "2018.12.26"]
[WhiteElo "2597"]
[BlackElo "2416"]
[PlyCount "130"]
[TimeControl "900+10"]

1. Nf3 Nf6 2. g3 d5 3. Bg2 c6 4. c4 g6 5. b3 Bg7 6. Bb2 0-0 7. d3 Bg4 8. Nbd2 Bxf3 9. Nxf3 a5 10. 0-0 Nbd7 11. Qc2 Re8 12. Rac1 e5 13. cxd5 Nxd5 14. a3 Qe7 15. Nd2 Nc7 16. Nc4 Ne6 17. e3 b5 18. Nd2 Rac8 19. Qb1 Qd6 20. Ne4 Qb8 21. Rfd1 Red8 22. Bc3 b4 23. axb4 axb4 24. Bb2 Nb6 25. Qc2 c5 26. Ra1 Nd5 27. Ra6 Ndc7 28. Rc6 Nb5 29. Rxc8 Qxc8 30. Rc1 Na3 31. Qe2 f5 32. Nd2 e4 33. Nxe4 fxe4 34. Bxe4 Qd7 35. Bxg7 Qxg7 36. Qg4 Qf6 37. h4 h5 38. Qxg6+ Qxg6 39. Bxg6 Kg7 40. Bxh5 Rxd3 41. Bd1 c4 42. bxc4 Nc5 43. Kg2 Rd2 44. Ra1 Ne4 45. c5 Nxf2 46. Bf3 Ne4+ 47. Kh3 Nxc5 48. g4 Rd7 49. Rc1 Rc7 50. Bd5 Nb5 51. Rc4 Nc3 52. Bf3 Na6 53. Bc6 Nb8 54. Rxb4 Nxc6 55. Rc4 Nd5 56. e4 Nde7 57. g5 Rd7 58. h5 Ne5 59. Rc3 N7c6 60. Rb3 Nd4 61. Ra3 Ne6 62. Kh4 Rf7 63. g6 Rf4+ 64. Kg3 Rg4+ 65. Kh3 Ng5+ 0-1

[Event "FIDE World Rapid-ch Open 2018"]
[White "Fedoseev, Vladimir"]
[Black "Sharma, Dinesh K."]
[Site "St. Petersburg"]
[Round "3.35"]
[Annotator "ChessBase"]
[Result "1/2-1/2"]
[Date "2018.12.26"]
[WhiteElo "2719"]
[BlackElo "2295"]
[PlyCount "148"]
[TimeControl "900+10"]

1. d4 d5 2. c4 c6 3. Nf3 Nf6 4. e3 Bf5 5. Nc3 e6 6. Nh4 Be4 7. Be2 Nbd7 8. 0-0 h6 9. cxd5 cxd5 10. Nxe4 Nxe4 11. g3 Be7 12. Ng2 0-0 13. Nf4 Rc8 14. f3 Nd6 15. Bd3 Bg5 16. b3 Bxf4 17. gxf4 Nf5 18. Bd2 Qf6 19. Kh1 Kh8 20. Rg1 Nb8 21. Qf1 Rg8 22. Qh3 Kh7 23. Rad1 g6 24. e4 Qxd4 25. exf5 Qxd3 26. fxe6 f5 27. Bb4 Qe3 28. Rge1 Qb6 29. Be7 Rge8 30. Bg5 Rxe6 31. Qxh6+ Kg8 32. Qh4 Nd7 33. Rxd5 Nf8 34. Rde5 Rce8 35. Bf6 Nh7 36. Rxe6 Rxe6 37. Be5 Qc6 38. Kg2 Qc2+ 39. Qf2 Qxf2+ 40. Kxf2 Rc6 41. Rd1 Nf8 42. Rd8 Kf7 43. Bd6 Nh7 44. Rd7+ Ke6 45. Rxh7 Rxd6 46. Kg3 Ra6 47. Rxb7 Rxa2 48. b4 a6 49. Rb6+ Kf7 50. h3 Kg7 51. h4 Kh6 52. Rb8 Rb2 53. h5 a5 54. Rb6 Rxb4 55. Rxg6+ Kxh5 56. Rg5+ Kh6 57. Rxf5 Kg6 58. Rxa5 Rb1 59. Kf2 Kf6 60. Rh5 Ra1 61. Rg5 Rb1 62. Ra5 Rc1 63. f5 Kg5 64. Rd5 Ra1 65. Ke2 Ra3 66. Rb5 Rc3 67. Kf2 Kf6 68. Kg3 Rc4 69. Rd5 Ra4 70. Rc5 Rb4 71. Rd5 Ra4 72. Kf2 Rf4 73. Ke3 Rxf5 74. Rxf5+ Kxf5 1/2-1/2

[Event "FIDE World Rapid-ch Open 2018"]
[White "Le, Quang Liem"]
[Black "Teske, Henrik"]
[Site "St. Petersburg"]
[Round "3.37"]
[Annotator "ChessBase"]
[Result "1-0"]
[Date "2018.12.26"]
[WhiteElo "2714"]
[BlackElo "2483"]
[PlyCount "65"]
[TimeControl "900+10"]

1. e4 e6 2. d4 d5 3. Nc3 dxe4 4. Nxe4 Bd7 5. Nf3 Bc6 6. Bd3 Nd7 7. 0-0 Ngf6 8. Ng3 Bd6 9. Re1 0-0 10. Ne5 Bxe5 11. dxe5 Nd5 12. Qh5 g6 13. Qh6 f5 14. exf6 Qxf6 15. Ne4 Qg7 16. Qh4 Rfe8 17. Bh6 Qxb2 18. Ng5 Qf6 19. Rad1 Rad8 20. Bc4 b5 21. Bf1 e5 22. c4 bxc4 23. Bxc4 N7b6 24. Bb3 a5 25. a3 Qf4 26. Qxf4 exf4 27. Ne6 Rd6 28. Nxc7 Rxe1+ 29. Rxe1 Rd7 30. Bxf4 a4 31. Ba2 Kg7 32. Ne6+ Kf6 33. Bg5+ 1-0

[Event "FIDE World Rapid-ch Open 2018"]
[White "Guseinov, Gadir"]
[Black "Gasanov, Eldar"]
[Site "St. Petersburg"]
[Round "3.39"]
[Annotator "ChessBase"]
[Result "1-0"]
[Date "2018.12.26"]
[WhiteElo "2664"]
[BlackElo "2499"]
[PlyCount "122"]
[TimeControl "900+10"]

1. e4 Nc6 2. Nf3 d6 3. d4 Nf6 4. Nc3 g6 5. Be2 Bg7 6. 0-0 0-0 7. d5 Nb8 8. Bf4 e5 9. dxe6 Bxe6 10. Qd2 Nc6 11. Rad1 Re8 12. Rfe1 Ng4 13. Ng5 Bd7 14. Nf3 a6 15. h3 Nge5 16. Nxe5 Nxe5 17. Bg5 f6 18. Bh6 Bxh6 19. Qxh6 Nf7 20. Qf4 Kg7 21. Bc4 Be6 22. Bf1 Qe7 23. Qg3 c6 24. Ne2 Rad8 25. Nf4 Bc8 26. c4 Qe5 27. b3 Ng5 28. Bd3 Kh8 29. Qe3 Kg7 30. Bc2 Qc5 31. Qg3 Qe5 32. Qe3 a5 33. h4 Nf7 34. Qg3 Kh8 35. Qf3 Nh6 36. Nd3 Qe7 37. Qe3 Ng4 38. Qb6 a4 39. bxa4 Ne5 40. Nxe5 dxe5 41. a5 Kg7 42. a6 bxa6 43. Qxc6 Be6 44. Bb3 a5 45. Qb6 Ra8 46. Ba4 Reb8 47. Qe3 Qb4 48. Bb5 Rd8 49. a3 Qe7 50. c5 Qc7 51. a4 h5 52. c6 Bg4 53. f3 Be6 54. Qc5 Rab8 55. Kh2 Bb3 56. Rxd8 Rxd8 57. Rb1 Bf7 58. Bc4 Rc8 59. Bxf7 Qxf7 60. Rb7 Rc7 61. Qb6 Kh8 1-0

[Event "FIDE World Rapid-ch Open 2018"]
[White "Sjugirov, Sanan"]
[Black "Yilmaz, Mustafa"]
[Site "St. Petersburg"]
[Round "3.40"]
[Annotator "ChessBase"]
[Result "1-0"]
[Date "2018.12.26"]
[WhiteElo "2663"]
[BlackElo "2636"]
[PlyCount "149"]
[TimeControl "900+10"]

1. d4 Nf6 2. c4 e6 3. Nc3 c5 4. d5 exd5 5. cxd5 d6 6. e4 g6 7. f4 Bg7 8. Bb5+ Nfd7 9. a4 0-0 10. Nf3 Na6 11. 0-0 Nb4 12. Kh1 a6 13. Be2 Re8 14. f5 Nf6 15. Bg5 h6 16. Bxf6 Bxf6 17. fxg6 fxg6 18. Qd2 Bg7 19. h3 b6 20. Bc4 Ra7 21. e5 dxe5 22. Rae1 Bf5 23. d6+ Kh8 24. g4 e4 25. gxf5 exf3 26. Rxe8+ Qxe8 27. Be6 Qc6 28. d7 f2+ 29. Qd5 Qxd5+ 30. Nxd5 Rxd7 31. Bxd7 Nxd5 32. Rxf2 Bd4 33. Re2 gxf5 34. Bxf5 Ne3 35. Bd3 a5 36. b3 Kg7 37. Rf2 Nd1 38. Rg2+ Kf7 39. Bc4+ Kf6 40. Rg8 Be5 41. Re8 Kf5 42. Bd3+ Kf4 43. Kg2 Ne3+ 44. Kf2 Nd5 45. Bc4 Bd4+ 46. Ke2 Nc3+ 47. Kd3 Nd1 48. h4 h5 49. Re6 Nf2+ 50. Ke2 Ne4 51. Rxb6 Bc3 52. Bd5 Ng3+ 53. Kd3 Bb4 54. Be6 Ne4 55. Bc8 Nf2+ 56. Ke2 Ng4 57. Rg6 Ne5 58. Rg5 c4 59. bxc4 Nxc4 60. Be6 Nd6 61. Rxh5 Kg3 62. Kd3 Ne8 63. Rh8 Nf6 64. h5 Kh4 65. Bf7 Kg5 66. Rb8 Nd7 67. Rg8+ Kh6 68. Rg6+ Kh7 69. Ke4 Nc5+ 70. Kf5 Nxa4 71. Rc6 Nc5 72. Bg6+ Kh8 73. Rc8+ Kg7 74. Rc7+ Kh8 75. h6 1-0

[Event "FIDE World Rapid-ch Open 2018"]
[White "Melkumyan, Hrant"]
[Black "Sychev, Klementy"]
[Site "St. Petersburg"]
[Round "3.41"]
[Annotator "ChessBase"]
[Result "0-1"]
[Date "2018.12.26"]
[WhiteElo "2670"]
[BlackElo "2537"]
[PlyCount "118"]
[TimeControl "900+10"]

1. Nf3 Nf6 2. c4 g6 3. Nc3 d5 4. cxd5 Nxd5 5. h4 Bg7 6. e4 Nxc3 7. dxc3 Qxd1+ 8. Kxd1 Nd7 9. Nd4 c5 10. Nb5 Kd8 11. a4 b6 12. Kc2 Bb7 13. f3 Bc6 14. Bf4 Be5 15. Bxe5 Nxe5 16. b3 a6 17. Na3 e6 18. Be2 Ke7 19. Kd2 f5 20. f4 Nd7 21. e5 Bxg2 22. Rhg1 Bd5 23. Nc4 Bxc4 24. Bxc4 Rad8 25. Ke3 Nb8 26. h5 Rhg8 27. Rg5 Nc6 28. hxg6 Rxg6 29. Rxg6 hxg6 30. Rh1 Rf8 31. Rh6 Na5 32. Bxa6 Nxb3 33. Rxg6 Na5 34. Bb5 Kf7 35. Rh6 Ke7 36. Kf3 Rf7 37. Rh8 Rf8 38. Rh1 Nb7 39. Kf2 Na5 40. Ke2 Nb7 41. Bc4 Na5 42. Ba2 c4 43. Ke3 Rg8 44. Rh7+ Kd8 45. Rh6 Rg3+ 46. Kf2 Rxc3 47. Bb1 Rc1 48. Bxf5 exf5 49. Ke3 Rd1 50. Ke2 Rd5 51. Rxb6 c3 52. Rb5 Rxb5 53. axb5 Nc4 54. Kd3 c2 55. Kxc2 Na3+ 56. Kd3 Nxb5 57. Kc4 Nc7 58. e6 Ke7 59. Kd4 Kxe6 0-1

[Event "FIDE World Rapid-ch Open 2018"]
[White "Grachev, Boris"]
[Black "Popov, Ivan"]
[Site "St. Petersburg"]
[Round "3.42"]
[Annotator "ChessBase"]
[Result "1/2-1/2"]
[Date "2018.12.26"]
[WhiteElo "2626"]
[BlackElo "2592"]
[PlyCount "32"]
[TimeControl "900+10"]

1. e4 e5 2. Nf3 Nc6 3. Bb5 a6 4. Ba4 Nf6 5. 0-0 Nxe4 6. d4 b5 7. Bb3 d5 8. dxe5 Be6 9. Qe2 Nc5 10. Rd1 Nxb3 11. axb3 Be7 12. c4 b4 13. cxd5 Bxd5 14. Qd3 Be4 15. Qe2 Bd5 16. Qd3 Be4 1/2-1/2

[Event "FIDE World Rapid-ch Open 2018"]
[White "Hovhannisyan, Robert"]
[Black "Saric, Ivan"]
[Site "St. Petersburg"]
[Round "3.43"]
[Annotator "ChessBase"]
[Result "1-0"]
[Date "2018.12.26"]
[WhiteElo "2637"]
[BlackElo "2695"]
[PlyCount "97"]
[TimeControl "900+10"]

1. e4 g6 2. d4 d6 3. Nc3 Bg7 4. Be3 Nd7 5. Nf3 a6 6. Bc4 e6 7. a4 Ne7 8. a5 0-0 9. Qd2 Nf6 10. Bd3 Ng4 11. Bg5 h6 12. Bh4 g5 13. h3 Ne5 14. dxe5 gxh4 15. exd6 cxd6 16. Nxh4 Nc6 17. Nf3 Nxa5 18. Ne2 Nc6 19. c3 d5 20. exd5 Qxd5 21. 0-0 Rd8 22. Rfd1 Qc5 23. Ng3 Bd7 24. Ne4 Qe7 25. Qe2 Be8 26. Ng3 Rd5 27. Be4 Rxd1+ 28. Rxd1 Rd8 29. Rxd8 Nxd8 30. Bc2 Qc5 31. Nf5 Bb5 32. Qd2 exf5 33. Qxd8+ Qf8 34. Qd5 Bc6 35. Qxf5 Qe7 36. Qc8+ Qe8 37. Qxe8+ Bxe8 38. Nd4 a5 39. Be4 b5 40. Bc6 Bxc6 41. Nxc6 a4 42. Kf1 Kf8 43. Ke2 Ke8 44. Kd3 Kd7 45. Nd4 b4 46. cxb4 Kc7 47. Nb5+ Kb6 48. Nc3 h5 49. Kc4 1-0

[Event "FIDE World Rapid-ch Open 2018"]
[White "Savchenko, Boris"]
[Black "Golubov, Saveliy"]
[Site "St. Petersburg"]
[Round "3.44"]
[Annotator "ChessBase"]
[Result "1-0"]
[Date "2018.12.26"]
[WhiteElo "2562"]
[BlackElo "2482"]
[PlyCount "78"]
[TimeControl "900+10"]

1. e4 c5 2. Nc3 e6 3. Nf3 d5 4. exd5 exd5 5. Bb5+ Nc6 6. 0-0 Nf6 7. Re1+ Be7 8. Ne5 Bd7 9. Bxc6 bxc6 10. b3 0-0 11. Ba3 Re8 12. Na4 Bd6 13. d4 Ne4 14. Bxc5 Bxc5 15. Rxe4 dxe4 16. Nxc5 Bf5 17. c3 Qd5 18. Nc4 Bg6 19. a4 h5 20. a5 Qg5 21. Qc1 Qf6 22. a6 h4 23. h3 Rab8 24. b4 Rbd8 25. Qe3 Kh7 26. Re1 Re7 27. Ne5 Rxe5 28. dxe5 Qxe5 29. Nxe4 f6 30. Nc5 Qd5 31. Qf4 Kg8 32. Qxh4 Qd2 33. Re3 Qc1+ 34. Kh2 Rd1 35. Qg4 Rh1+ 36. Kg3 Qc2 37. Qc4+ Kh8 38. Ne6 Qf5 39. Qxc6 Qc2 1-0

[Event "FIDE World Rapid-ch Open 2018"]
[White "Gabrielian, Artur"]
[Black "Bocharov, Ivan"]
[Site "St. Petersburg"]
[Round "3.45"]
[Annotator "ChessBase"]
[Result "1/2-1/2"]
[Date "2018.12.26"]
[WhiteElo "2499"]
[BlackElo "2563"]
[PlyCount "103"]
[TimeControl "900+10"]

1. e4 e5 2. Nf3 Nc6 3. Bc4 Bc5 4. d3 Nf6 5. Bg5 h6 6. Bh4 Be7 7. Bg3 d6 8. a4 Be6 9. Bxe6 fxe6 10. Nbd2 0-0 11. c3 a5 12. Qb3 Qd7 13. 0-0 Nh5 14. Rfe1 b6 15. Qb5 Nb8 16. d4 Qxb5 17. axb5 exd4 18. cxd4 c6 19. d5 cxd5 20. exd5 e5 21. Ne4 Nd7 22. Rac1 Nc5 23. Rcd1 a4 24. h3 Nf4 25. Bxf4 Rxf4 26. Nfd2 Ra5 27. g3 Rf8 28. Nxc5 bxc5 29. b6 Rb5 30. Nc4 Rb4 31. Rc1 Rf3 32. Red1 e4 33. Re1 Bf6 34. Rc2 Rfb3 35. Rxe4 Bxb2 36. Rxb2 Rxb2 37. Re8+ Kf7 38. Nxd6+ Kg6 39. Ra8 Rxb6 40. Nc4 Rb1+ 41. Kg2 R6b4 42. Ne5+ Kf5 43. Nc6 Rc4 44. Rf8+ Ke4 45. d6 Rd1 46. Rf4+ Kd5 47. Ne7+ Kxd6 48. Nf5+ Ke5 49. Rxc4 Kxf5 50. Rxc5+ Ke6 51. Ra5 Rd4 52. h4 {[%emt 0:0:19] Ke5} 1/2-1/2

[Event "FIDE World Rapid-ch Open 2018"]
[White "Goganov, Aleksey"]
[Black "Najer, Evgeniy"]
[Site "St. Petersburg"]
[Round "3.46"]
[Annotator "ChessBase"]
[Result "1/2-1/2"]
[Date "2018.12.26"]
[WhiteElo "2612"]
[BlackElo "2670"]
[PlyCount "95"]
[TimeControl "900+10"]

1. d4 Nf6 2. c4 e6 3. Nf3 Bb4+ 4. Bd2 c5 5. Bxb4 cxb4 6. g3 b6 7. Bg2 Bb7 8. 0-0 a5 9. Qd3 0-0 10. Nbd2 d6 11. e4 e5 12. Rfe1 Nc6 13. Nf1 Re8 14. Rad1 Rb8 15. Ne3 exd4 16. Nxd4 Nxd4 17. Qxd4 Bxe4 18. Qxd6 Bxg2 19. Kxg2 Qxd6 20. Rxd6 Kf8 21. Red1 Rec8 22. f3 b5 23. cxb5 Rxb5 24. g4 b3 25. a3 h5 26. h3 Re8 27. Kf2 Kg8 28. Rd8 Rxd8 29. Rxd8+ Kh7 30. Ke2 hxg4 31. hxg4 Rb7 32. Ra8 Rb5 33. a4 Re5 34. Kd3 Nd7 35. Ra7 Nc5+ 36. Kd4 f6 37. Nc4 Ne6+ 38. Kc3 Re2 39. Nxa5 Re3+ 40. Kc4 Rxf3 41. Nxb3 Rf4+ 42. Kd5 Rb4 43. Kxe6 Rxb3 44. Rc7 Rxb2 45. Rc4 Kg6 46. Kd6 Ra2 47. Kc6 f5 48. gxf5+ 1/2-1/2

[Event "FIDE World Rapid-ch Open 2018"]
[White "Esipenko, Andrey"]
[Black "Geller, Jakov"]
[Site "St. Petersburg"]
[Round "3.47"]
[Annotator "ChessBase"]
[Result "1/2-1/2"]
[Date "2018.12.26"]
[WhiteElo "2593"]
[BlackElo "2518"]
[PlyCount "163"]
[TimeControl "900+10"]

1. d4 d5 2. Nf3 Nf6 3. c4 e6 4. Nc3 Nbd7 5. Bf4 dxc4 6. e3 Nd5 7. Bxc4 Nxf4 8. exf4 Bd6 9. g3 Nb6 10. Bd3 Bd7 11. Be4 c6 12. 0-0 Nd5 13. Qe2 0-0 14. Rad1 g6 15. Bd3 Nxc3 16. bxc3 Qc7 17. h4 Rad8 18. Be4 Qa5 19. Qe3 c5 20. Kg2 cxd4 21. cxd4 Bc6 22. Bxc6 bxc6 23. Qe2 Rb8 24. Rc1 Rb6 25. Rc2 Rfb8 26. Rd1 Qd5 27. Qc4 a5 28. Rd3 Kg7 29. Re3 Be7 30. Ree2 Bf6 31. Qa4 Rb5 32. Qc4 R8b6 33. Qxd5 cxd5 34. g4 Rb4 35. Rc7 h6 36. Rd2 Rb7 37. Rc5 Ra4 38. f5 gxf5 39. gxf5 Be7 40. Rc6 exf5 41. Re2 Bf6 42. Rd6 Bxd4 43. Rxd5 Bf6 44. Rxf5 Rb2 45. Rxb2 Bxb2 46. Rc5 Rxa2 47. Rc2 a4 48. Nd2 a3 49. Nc4 Ra1 50. Nxb2 Ra2 51. Rc3 axb2 52. Rb3 Kf6 53. Rb5 Ke6 54. Kf3 Kd6 55. Ke4 Kc6 56. Rb8 Kc5 57. Kd3 f5 58. h5 f4 59. Rc8+ Kd5 60. Rb8 Ra3+ 61. Ke2 f3+ 62. Kd2 Ra2 63. Kd3 Ke5 64. Ke3 Kd5 65. Kd3 Kd6 66. Ke3 Kd5 67. Kd3 Ra3+ 68. Kd2 Ke4 69. Rxb2 Rd3+ 70. Ke1 Rd5 71. Rb6 Rxh5 72. Rb4+ Kf5 73. Kd2 Kg6 74. Rb6+ Kg5 75. Ke3 Kg4 76. Rb4+ Kh3 77. Kxf3 Rf5+ 78. Rf4 Rxf4+ 79. Kxf4 Kg2 80. Kg4 Kxf2 81. Kh5 Kg3 82. Kxh6 1/2-1/2

[Event "FIDE World Rapid-ch Open 2018"]
[White "Baron, Tal"]
[Black "Mchedlishvili, Mikheil"]
[Site "St. Petersburg"]
[Round "3.48"]
[Annotator "ChessBase"]
[Result "0-1"]
[Date "2018.12.26"]
[WhiteElo "2532"]
[BlackElo "2610"]
[PlyCount "60"]
[TimeControl "900+10"]

1. d4 d6 2. e4 Nf6 3. Nc3 g6 4. f4 Bg7 5. Bd3 Nc6 6. d5 Nb4 7. Bc4 0-0 8. a3 Na6 9. Nf3 Nc5 10. e5 Nfd7 11. Be3 Nb6 12. Ba2 Nba4 13. Nxa4 Nxa4 14. 0-0 c6 15. c3 Nb6 16. c4 cxd5 17. cxd5 Bg4 18. Qd4 Nd7 19. Qb4 Bxf3 20. Rxf3 dxe5 21. f5 Nf6 22. fxg6 hxg6 23. Qh4 Qd7 24. Bg5 Rfc8 25. Raf1 Rc2 26. Bh6 Bxh6 27. Qxh6 Qg4 28. Rg3 Qd4+ 29. Kh1 Ng4 30. Rxg4 Qxg4 0-1

[Event "FIDE World Rapid-ch Open 2018"]
[White "Zhigalko, Andrey"]
[Black "Ragger, Markus"]
[Site "St. Petersburg"]
[Round "3.49"]
[Annotator "ChessBase"]
[Result "1/2-1/2"]
[Date "2018.12.26"]
[WhiteElo "2545"]
[BlackElo "2687"]
[PlyCount "54"]
[TimeControl "900+10"]

1. e4 e5 2. Nf3 Nc6 3. Bb5 Nf6 4. d3 Bc5 5. 0-0 Nd4 6. Nxd4 Bxd4 7. Nd2 0-0 8. c3 Bb6 9. Nc4 d5 10. exd5 Qxd5 11. Nxb6 axb6 12. Bc4 Qd6 13. Bg5 Bg4 14. Qe1 Rfe8 15. Bxf6 Qxf6 16. Qe4 Qg6 17. Rfe1 Qxe4 18. dxe4 Rad8 19. f3 Be6 20. Bxe6 Rxe6 21. Rad1 Red6 22. Rxd6 Rxd6 23. Kf2 Rd2+ 24. Re2 Rd1 25. Re1 Rd2+ 26. Re2 Rd1 27. Re1 Rd2+ 1/2-1/2

[Event "FIDE World Rapid-ch Open 2018"]
[White "Vitiugov, Nikita"]
[Black "Anisimov, Pavel"]
[Site "St. Petersburg"]
[Round "3.50"]
[Annotator "ChessBase"]
[Result "1-0"]
[Date "2018.12.26"]
[WhiteElo "2719"]
[BlackElo "2533"]
[PlyCount "90"]
[TimeControl "900+10"]

1. e4 e6 2. d4 d5 3. e5 c5 4. c3 Qb6 5. Nf3 Nc6 6. a3 Bd7 7. b4 cxd4 8. cxd4 Nh6 9. Nc3 Rc8 10. Na4 Qd8 11. Bd3 Nf5 12. Bb2 Be7 13. Nc5 Rc7 14. Rc1 0-0 15. 0-0 Bc8 16. Qb3 Nb8 17. Rc2 b6 18. Na4 Bd7 19. b5 Rxc2 20. Qxc2 Qc8 21. Nc3 h5 22. Rc1 Qb7 23. Qd2 a6 24. bxa6 Nxa6 25. Ne2 Rc8 26. Rb1 Nc7 27. Nf4 g6 28. g3 Bb5 29. Bc2 Qa6 30. Kg2 Ba4 31. Bxf5 exf5 32. e6 Nxe6 33. Nxd5 Bd8 34. Nb4 Qb7 35. d5 Nf8 36. Re1 f6 37. Qe3 Qd7 38. Nd4 Qf7 39. Ndc6 Bxc6 40. dxc6 b5 41. Qc5 Qc4 42. Qd6 Qf7 43. Nd5 Kg7 44. Nxf6 Bxf6 45. Bxf6+ Kh6 1-0

[Event "FIDE World Rapid-ch Open 2018"]
[White "Nozdrachev, Vladislav"]
[Black "Adly, Ahmed"]
[Site "St. Petersburg"]
[Round "3.51"]
[Annotator "ChessBase"]
[Result "0-1"]
[Date "2018.12.26"]
[WhiteElo "2486"]
[BlackElo "2626"]
[PlyCount "97"]
[TimeControl "900+10"]

1. e4 c5 2. Nf3 d6 3. d4 cxd4 4. Nxd4 Nf6 5. Nc3 a6 6. h3 e5 7. Nb3 h5 8. f4 Nc6 9. Be3 exf4 10. Bxf4 Be6 11. Qd2 d5 12. exd5 Nxd5 13. Nxd5 Qxd5 14. Qxd5 Bxd5 15. 0-0-0 0-0-0 16. Rd2 Be7 17. Bd3 Be6 18. Re1 g5 19. Bg3 h4 20. Bf2 Bb4 21. c3 Bd6 22. Kc2 Ne5 23. Be4 Nc4 24. Rdd1 Kb8 25. Nd4 Bc8 26. Nf3 Bf4 27. Bd3 Rxd3 28. Rxd3 Bf5 29. Bd4 Rd8 30. b3 b5 31. Re7 Na3+ 32. Kb2 Bxd3 33. Ne5 Be4 34. Nxf7 Rxd4 35. cxd4 Bxg2 36. Kxa3 g4 37. hxg4 h3 38. Re8+ Kc7 39. Re7+ Kc8 40. Re8+ Kd7 41. Rh8 h2 42. Ne5+ Kc7 43. Rh7+ Kb6 44. Nd7+ Kc6 45. Ne5+ Kd5 46. g5 Kxd4 47. g6 Bxe5 48. g7 Kc3 49. Rh4 0-1

[Event "FIDE World Rapid-ch Open 2018"]
[White "Petrov, Nikita"]
[Black "Amin, Bassem"]
[Site "St. Petersburg"]
[Round "3.52"]
[Annotator "ChessBase"]
[Result "1/2-1/2"]
[Date "2018.12.26"]
[WhiteElo "2593"]
[BlackElo "2710"]
[PlyCount "133"]
[TimeControl "900+10"]

1. e4 e5 2. Bc4 Nc6 3. Nf3 Nf6 4. d3 h6 5. 0-0 d6 6. c3 g6 7. Re1 Bg7 8. Nbd2 0-0 9. Nf1 Na5 10. Bb5 a6 11. Ba4 b5 12. Bc2 c5 13. d4 exd4 14. cxd4 Bg4 15. d5 Re8 16. Ng3 Nc4 17. h3 Bxf3 18. gxf3 h5 19. f4 h4 20. Nf1 Nh5 21. Rb1 Bh6 22. b3 Nb6 23. Qg4 Nxd5 24. f5 Bxc1 25. Rbxc1 Ndf4 26. e5 Rxe5 27. Rxe5 dxe5 28. fxg6 Qg5 29. Kh2 Qxg4 30. hxg4 Nf6 31. gxf7+ Kxf7 32. Bf5 Ne6 33. Ne3 Rd8 34. Bxe6+ Kxe6 35. Rxc5 Rd2 36. Rc6+ Kf7 37. g5 Rxf2+ 38. Kg1 Ne4 39. Ng4 Rxa2 40. Nxe5+ Ke7 41. Ng6+ Kd7 42. Ne5+ Kd8 43. Rh6 Nxg5 44. Rxh4 Re2 45. Nd3 Rd2 46. Rh8+ Kc7 47. Nc5 a5 48. Rh6 Rc2 49. Na6+ Kb7 50. b4 a4 51. Nc5+ Kc7 52. Ra6 Nf3+ 53. Kf1 Nd2+ 54. Ke1 Ra2 55. Ne6+ Kb7 56. Nc5+ Kc7 57. Ne6+ Kd7 58. Nd4 Nc4 59. Nxb5 a3 60. Nxa3 Nxa3 61. Kf1 Kc7 62. Kg1 Kb7 63. b5 Kc7 64. Kf1 Kb7 65. Kg1 Rb2 66. Rxa3 Rxb5 67. Kf2 1/2-1/2

[Event "FIDE World Rapid-ch Open 2018"]
[White "Vastrukhin, Oleg"]
[Black "Antipov, Mikhail Al."]
[Site "St. Petersburg"]
[Round "3.53"]
[Annotator "ChessBase"]
[Result "1/2-1/2"]
[Date "2018.12.26"]
[WhiteElo "2413"]
[BlackElo "2589"]
[PlyCount "80"]
[TimeControl "900+10"]

1. Nf3 Nf6 2. g3 d5 3. Bg2 c6 4. 0-0 h6 5. d3 Bf5 6. c4 dxc4 7. dxc4 Qxd1 8. Rxd1 Bc2 9. Rd2 Bh7 10. b3 e6 11. Bb2 Bb4 12. Rd1 a5 13. Ne5 Ke7 14. Nc3 Nbd7 15. Nxd7 Nxd7 16. Na4 f6 17. a3 Bd6 18. Rd2 Nc5 19. Nxc5 Bxc5 20. Rad1 Rhd8 21. Rxd8 Rxd8 22. Rxd8 Kxd8 23. Bc3 Bxa3 24. Bxa5+ Kd7 25. Bc3 Bc2 26. b4 Kc7 27. e3 e5 28. f4 e4 29. Kf2 c5 30. bxc5 Kc6 31. Bd4 Bd3 32. Bf1 Bxf1 33. Kxf1 Bxc5 34. f5 h5 35. Ke2 b5 36. cxb5+ Kxb5 37. Bc3 Kc4 38. Be1 Bb4 39. Bf2 Bd6 40. h3 Kd5 1/2-1/2

[Event "FIDE World Rapid-ch Open 2018"]
[White "Vlassov, Nikolai"]
[Black "Sakaev, Konstantin"]
[Site "St. Petersburg"]
[Round "3.54"]
[Annotator "ChessBase"]
[Result "0-1"]
[Date "2018.12.26"]
[WhiteElo "2401"]
[BlackElo "2584"]
[PlyCount "86"]
[TimeControl "900+10"]

1. e4 c5 2. c3 g6 3. d4 cxd4 4. cxd4 d5 5. e5 Nc6 6. Nc3 Bg7 7. Bf4 Nh6 8. Qd2 Nf5 9. Nf3 h5 10. Bb5 f6 11. 0-0 g5 12. Be3 0-0 13. exf6 exf6 14. Rac1 Nce7 15. Ba4 Nd6 16. Bb3 Be6 17. Qe2 Bf7 18. Ne1 Rc8 19. Nd3 Nc4 20. Nb4 a5 21. Nbxd5 Nxd5 22. Nxd5 Qxd5 23. h4 gxh4 24. Qd3 Nxb2 25. Qb1 Nc4 26. Rc3 a4 27. Bxa4 Nxe3 28. Rxe3 Qxd4 29. Re4 Qd5 30. Bb3 Qg5 31. Re7 Bxb3 32. Qxb3+ Kh8 33. Qxb7 Rg8 34. Qf3 Qg4 35. Qe3 Bf8 36. g3 hxg3 37. fxg3 Qxg3+ 38. Qxg3 Rxg3+ 39. Kh2 Bxe7 40. Kxg3 Kg7 41. a4 Rc3+ 42. Kh4 f5+ 43. Kxh5 Rh3# 0-1

[Event "FIDE World Rapid-ch Open 2018"]
[White "Drygalov, Andrey"]
[Black "Sarana, Alexey"]
[Site "St. Petersburg"]
[Round "3.55"]
[Annotator "ChessBase"]
[Result "0-1"]
[Date "2018.12.26"]
[WhiteElo "2481"]
[BlackElo "2618"]
[PlyCount "80"]
[TimeControl "900+10"]

1. Nf3 Nf6 2. c4 e6 3. b3 Be7 4. Bb2 d5 5. g3 0-0 6. Bg2 c5 7. cxd5 Nxd5 8. 0-0 Nc6 9. d4 b6 10. Nc3 Nxc3 11. Bxc3 Bb7 12. dxc5 Bxc5 13. Ne5 Qc7 14. Qd7 Rac8 15. Qxc7 Rxc7 16. Rfd1 Nb8 17. Bxb7 Rxb7 18. Nd3 Be7 19. Rac1 f6 20. Bb4 Kf7 21. Bxe7 Kxe7 22. Nb4 Rd8 23. Rxd8 Kxd8 24. Nc6+ Nxc6 25. Rxc6 Kd7 26. Rc2 b5 27. f4 Rc7 28. Rxc7+ Kxc7 29. Kf2 Kc6 30. Ke3 Kc5 31. a3 Kd5 32. Kd3 f5 33. b4 e5 34. h3 exf4 35. gxf4 a6 36. h4 g6 37. e3 h6 38. Kd2 Kc4 39. Ke2 h5 40. Kd2 Kb3 0-1

[Event "FIDE World Rapid-ch Open 2018"]
[White "Piorun, Kacper"]
[Black "Gutenev, Alexander"]
[Site "St. Petersburg"]
[Round "3.56"]
[Annotator "ChessBase"]
[Result "1/2-1/2"]
[Date "2018.12.26"]
[WhiteElo "2634"]
[BlackElo "2456"]
[PlyCount "75"]
[TimeControl "900+10"]

1. e4 c5 2. Nc3 Nc6 3. g3 g6 4. Bg2 Bg7 5. d3 Rb8 6. Be3 b5 7. Qd2 b4 8. Nd1 d6 9. Ne2 Nd4 10. 0-0 e6 11. Nc1 Ne7 12. c3 bxc3 13. bxc3 Ndc6 14. Bh6 0-0 15. Bxg7 Kxg7 16. Ne3 a5 17. Ne2 Ba6 18. f4 f5 19. exf5 gxf5 20. g4 d5 21. gxf5 exf5 22. Ng3 Qd7 23. Rfe1 d4 24. Nc4 Ng6 25. Ne5 Ncxe5 26. fxe5 dxc3 27. Nh5+ Kh8 28. Qxc3 Qd4+ 29. Qxd4 cxd4 30. Rac1 Rbc8 31. Rxc8 Rxc8 32. e6 Bxd3 33. Nf6 Kg7 34. Nd5 Re8 35. Nc7 Re7 36. Nd5 Re8 37. Nc7 Re7 38. Nd5 1/2-1/2